AoeStats
← flynorc

Black Forest

507286315Analyzed
2v2 RM · 15d ago on Sep 17, 2026· 11m 59s· 4 players
Game mode
Random Map
Map size
Medium (4 player)
Population
200
Speed
Normal
Resources
Standard
Victory
Conquest
Starting age
Dark Age
Ending age
Imperial Age
RankedLock teamsTeams togetherTeam positionsShared explorationLock speedFull tech treeHidden civsTurbo modeCheats
Victory
Defeat
🇦🇹 Spanish · Austria
1450
+15
🇫🇷 Hindustanis · France
1383
+18
🇪🇨 Persians · Ecuador
1447
-17
🇺🇸 Cumans · United States
1415
-16
Pwncakes
7:24 Loom
10:54 Feudal Age
[ECU] QUITUS
0:32 Loom
10:07 Feudal Age
14:01 Castle Age
Drakhaon
9:36 Feudal Age
9:38 Man-at-Arms
10:33 Loom
10:53 Double-Bit Axe
flynorc
2:45 Loom
3:22 Loom
12:47 Feudal Age
Connection lost

Rejoining the realm…

Still unreachable

The connection could not be restored.

Session expired

The server has moved on; the page needs a fresh start.